 Dungeon Crawl Stone Soup version 0.28-a0-1286-g6bde065e89 (webtiles) character file.

Game seed: 3939955126556889901

1368 wakim the Summoner (level 8, -10/31 HPs)
             Began as a Felid Summoner on Dec 26, 2021.
             Was an Initiate of Gozag.
             Killed from afar by a steam dragon (14 damage)
             ... with a ball of steam
             ... on level 7 of the Dungeon.
             The game lasted 01:01:25 (8931 turns).

wakim the Summoner (Felid Summoner)                 Turns: 8931, Time: 01:01:26

Health: -10/31     AC:  2    Str:  4    XL:     8   Next: 38%
Magic:  15/15      EV: 17    Int: 19    God:    Gozag
Gold:   349        SH:  0    Dex: 16    Spells: 2/15 levels left
                                        Lives:  0   Deaths: 2

rFire   . . .      SeeInvis +   (weapon unavailable)
rCold   . . .      Faith    .   (shield unavailable)
rNeg    . . .      Spirit   .   (armour unavailable)
rPois   .          Reflect  .   (helmet unavailable)
rElec   .          Harm     .   (cloak unavailable)
rCorr   .          Rampage  .   (gloves unavailable)
Will    +....                   (boots unavailable)
Stlth   ++........              (no amulet)
HPRegen 0.10/turn               (no ring)
MPRegen 0.14/turn               (no ring)

@: quick
A: very small, claws 1, fangs 3, see invisible, speed 1, shaggy fur 2, stealthy
paws, no weapons or thrown items, no armour, multi-lived
a: Renounce Religion, Potion Petition, Call Merchant, Bribe Branch


You were on level 7 of the Dungeon.
You worshipped Gozag.
Gozag was aware of your devotion.
You visited 1 branch of the dungeon, and saw 8 of its levels.

You collected 547 gold pieces.
You spent 120 gold pieces at shops.
You paid 78 gold pieces to Gozag.

Inventory:

Jewellery
 D - a ring of ice
Wands
 w - a wand of acid (6)
 x - a wand of iceblast (5)
 z - a wand of polymorph (5)
Scrolls
 a - 3 scrolls of fear {unknown}
 c - a scroll of summoning {unknown}
 e - 2 scrolls of teleportation {unknown}
 A - 3 scrolls of identify {unknown}
 B - a scroll of holy word {unknown}
 G - a scroll of enchant weapon {unknown}
 K - a scroll of vulnerability {unknown}
 L - a scroll of fog {unknown}
 O - a scroll of enchant armour {unknown}
Potions
 y - a potion of flight {unknown}
 C - 2 potions of berserk rage {unknown}
 F - 4 potions of curing
 J - a potion of heal wounds
 M - 2 potions of ambrosia {unknown}
 N - a potion of brilliance {unknown}
 P - a potion of magic {unknown}


   Skills:
 - Level 2.6 Dodging
 - Level 2.6 Stealth
 - Level 4.0 Spellcasting
 - Level 5.0 Hexes
 + Level 10.8 Summonings
 + Level 5.5 Air Magic


You had 2 spell levels left.
You knew the following spells:

 Your Spells              Type           Power      Damage    Failure   Level
a - Summon Small Mammal   Summ           100%       N/A       1%          1
b - Summon Guardian Gole  Hex/Summ       33%        N/A       1%          3
c - Call Canine Familiar  Summ           44%        N/A       1%          3
x - Call Imp              Summ           44%        N/A       1%          2
z - Summon Lightning Spi  Summ/Air       34%        N/A       4%          4

Your spell library contained the following spells:

 Spells                   Type           Power      Damage    Failure   Level
 Shock                    Conj/Air       56%        1d6       4%          1
 Sandblast                Erth           6%         2d5       14%         1
 Passwall                 Tmut/Erth      2%         N/A       21%         2
 Sublimation of Blood     Necr           3%         N/A       21%         2
 Wereblood                Tmut           3%         N/A       21%         2
 Swiftness                Air            25%        N/A       4%          3
 Airstrike                Air            12%        N/A       14%         4
 Gell's Gravitas          Tloc           3%         N/A       38%         3
 Lesser Beckoning         Tloc           3%         N/A       38%         3
 Stone Arrow              Conj/Erth      6%         3d7       38%         3
 Teleport Other           Tloc           3%         N/A       38%         3
 Summon Hydra             Summ           22%        N/A       80%         7


Dungeon Overview and Level Annotations

Branches:
Dungeon (8/15)
 Temple: D:4-7         Lair: D:8-11

Altars:
Gozag
Kikubaaqudgha
Nemelex Xobeh
Okawaru
Trog
Wu Jian
Zin
The Shining One

Shops:
D:5 !

Annotations:
D:6 2 transporters, 1 runed translucent door, Crazy Yiuf; bluesam3's ghost, novice MiBe
D:8 Prince Ribbit


Innate Abilities, Weirdness & Mutations

You have sharp claws.
You have razor-sharp teeth.
You have supernaturally acute eyesight. (SInv)
You cover ground quickly. (Speed+)
You are covered in thick fur. (AC +2)
Your paws help you pounce on unaware monsters.
You are incapable of wielding weapons or throwing items.
You cannot wear armour.
You gain extra lives every three experience levels.


Message History

Pikel hits your guardian golem but does no damage.
Pikel hits your guardian golem with a +1 whip of freezing.
Flame seeps out of your guardian golem.
Your guardian golem is engulfed in blazing flames.
Flame seeps out of your guardian golem.
Pikel hits your guardian golem with a +1 whip of freezing.
Flame seeps out of your guardian golem.
Your guardian golem is engulfed in blazing flames.
Your guardian golem disappears in a puff of smoke!
Your guardian golem explodes!
The fiery explosion engulfs Pikel!!
Pikel is engulfed in blazing flames.
Pikel dies!
Your Air Magic skill increases to level 5!
Welcome back to level 8!
You start resting.
Magic restored.
HP restored.
Okay, then.
You now have 349 gold pieces (gained 8).
Things that are here:
a +1 whip of freezing; a +0 robe
Things that are here:
a +1 whip of freezing; a +0 robe
There is an open door here.
There is an open door here.
There is a stone staircase leading down here.
You climb downwards.
Level annotation: Prince Ribbit The steam dragon hisses angrily.
There is a stone staircase leading up, spattered with blood here.
The steam dragon bites you! The steam dragon claws you.
You climb upwards.
There is a stone staircase leading down here.
The steam dragon breathes steam at you. The ball of steam hits you!
* * * LOW HITPOINT WARNING * * *
The steam dragon breathes steam at you. The ball of steam hits you!
You die...
Your body crumbles into a pile of gold.

....# #.#####.#'###[####.#
###.# ### #.........##.#
#.# #.........##.# #.#
#####.........##.# ###.
#...#.........##.# .#
#.#.#.#'###'####.# .
#.#...D.....# #.#
>.#.##.##§########.#
.#.#....§@........#
#######################..#
..............#########..#
.##########..............#
.# #.#............# .#
#.####....###### .# #.#
#....# .# #.# #....# .#
#<# #....#


You could see a steam dragon (catching breath).

Vanquished Creatures
  A giant cockroach (D:3)
  A ball python (D:1)
  A frilled lizard (D:5)
  4 rats
7 creatures vanquished.

Vanquished Creatures (collateral kills)
  Sigmund (D:2)
  2 sky beasts
  An orc warrior (D:6)
  A black bear (D:7)
  A lemure (D:7)
  A water moccasin zombie (D:5)
  A wyvern skeleton (D:5)
  4 killer bees (D:7)
  2 water moccasin skeletons (D:5)
  3 wights
  A centaur zombie (D:5)
  3 bullfrog skeletons
  3 hounds
  5 centaur skeletons
  Jessica (D:3)
  Ijyb (D:3)
  Terence (D:3)
  2 iguanas
  2 orc wizards
  A killer bee zombie (D:7)
  A hound skeleton (D:5)
  4 gnolls (D:4)
  A howler monkey skeleton (D:7)
  4 adders
  2 worms
  2 dart slugs
  11 orcs
  10 ball pythons
  A bat (D:1)
  7 endoplasms
  3 giant cockroaches
  14 goblins
  7 hobgoblins
  2 jackals (D:1)
  A quokka (D:1)
  6 frilled lizards
  5 kobolds
  5 rats
123 creatures vanquished.

Vanquished Creatures (others)
  Pikel (D:7)
  A hornet (D:5)
  Menkaure (D:6)
  A necrophage (D:5)
  A centaur (D:6)
  A killer bee (D:7)
  2 gnolls (D:4)
8 creatures vanquished.

Grand Total: 138 creatures vanquished

Notes
Turn   | Place    | Note
-------+----------+-------------------------------------------
     0 | D:1      | wakim the Felid Summoner began the quest for the Orb.
     0 | D:1      | Reached XP level 1. HP: 7/7 MP: 4/4
   297 | D:1      | Reached XP level 2. HP: 11/11 MP: 3/6
   307 | D:1      | Learned a level 2 spell: Call Imp
   903 | D:1      | Reached XP level 3. HP: 14/14 MP: 1/7
  1018 | D:1      | Learned a level 3 spell: Call Canine Familiar
  1302 | D:2      | Reached skill level 5 in Summonings
  1324 | D:2      | Noticed Sigmund
  1716 | D:2      | Reached XP level 4. HP: 18/18 MP: 7/9
  1799 | D:3      | Noticed Jessica
  1819 | D:3      | Killed Jessica
  1825 | D:3      | Learned a level 3 spell: Summon Guardian Golem
  1835 | D:3      | Found a sparkling altar of Nemelex Xobeh.
  1876 | D:3      | Noticed Terence
  1895 | D:3      | Killed Terence
  1896 | D:3      | Reached skill level 1 in Hexes
  2022 | D:3      | Reached XP level 5. HP: 21/21 MP: 7/10
  2107 | D:3      | Noticed Ijyb
  2128 | D:3      | Killed Ijyb
  2625 | D:3      | Found a glowing golden altar of the Shining One.
  2845 | D:4      | Reached skill level 6 in Summonings
  2942 | D:4      | Gained mutation: You are covered in thick fur. (AC +2)
                  | [Felid growth]
  2942 | D:4      | Reached XP level 6. HP: 24/24 MP: 2/11
  3188 | D:4      | Identified the +1 chain mail of Responsibility {+Blink rF-
                  | rC++ Int+4}
  3444 | D:4      | Found an ornate altar of the Wu Jian Council.
  3684 | D:5      | Entered Level 5 of the Dungeon
  3694 | D:5      | Noticed a sky beast
  3909 | D:5      | Identified the +9 dagger of Ylavam {speed, rPois rC+ Int-5
                  | Dex+2}
  3963 | D:5      | Found an iron altar of Okawaru.
  3979 | D:5      | Found Zacheodwy's Distillery.
  4019 | D:5      | Reached skill level 5 in Hexes
  4152 | D:5      | Reached skill level 7 in Summonings
  4197 | D:5      | Reached XP level 7. HP: 27/27 MP: 8/12
  4320 | D:5      | Noticed a steam dragon
  4742 | D:5      | Found a bloodstained altar of Trog.
  4932 | D:5      | Noticed a hornet
  4942 | D:5      | Killed a hornet
  4943 | D:5      | Reached skill level 8 in Summonings
  4952 | D:5      | Killed from afar by a steam dragon
  4953 | D:5      | Reached XP level 6. HP: -6/24 MP: 4/12
  5025 | D:5      | Reached XP level 7. HP: 27/27 MP: 4/13
  5317 | D:5      | Found an opulent altar of Gozag.
  5325 | D:5      | Became a worshipper of Gozag Ym Sagoz the Greedy
  5454 | D:4      | Learned a level 4 spell: Summon Lightning Spire
  5597 | D:5      | Bought a potion of degeneration for 10 gold pieces
  5597 | D:5      | Bought a potion of curing for 30 gold pieces
  5597 | D:5      | Bought a potion of curing for 30 gold pieces
  5597 | D:5      | Bought a potion of heal wounds for 50 gold pieces
  5720 | D:2      | Killed Sigmund
  5721 | D:2      | Reached skill level 9 in Summonings
  5721 | D:2      | Reached skill level 1 in Air Magic
  6021 | D:6      | Noticed Menkaure
  6047 | D:6      | Killed Menkaure
  6048 | D:6      | Reached XP level 8. HP: 18/31 MP: 8/15
  6189 | D:6      | Found a transporter.
  6331 | D:6      | Found a runed translucent door.
  6332 | D:6      | Noticed Crazy Yiuf
  6373 | D:6      | Found a transporter.
  6376 | D:6      | Noticed bluesam3's ghost (novice MiBe)
  6378 | D:6      | Identified the +8 great mace of the Muttering Wolf {speed,
                  | rPois}
  6414 | D:6      | Found a glowing silver altar of Zin.
  6630 | D:7      | Found an ancient bone altar of Kikubaaqudgha.
  7118 | D:7      | Reached skill level 10 in Summonings
  8301 | D:8      | Noticed Pikel
  8606 | D:8      | Noticed Prince Ribbit
  8641 | D:8      | Killed from afar by a steam dragon
  8642 | D:8      | Reached XP level 7. HP: -16/25 MP: 3/14
  8735 | D:7      | Killed Pikel
  8736 | D:7      | Reached skill level 5 in Air Magic
  8736 | D:7      | Reached XP level 8. HP: 17/31 MP: 11/15
  8931 | D:7      | Killed from afar by a steam dragon

Illustrated notes

Levels and vault maps discovered:
D:1:      giann_wishing_wells, layout_loops_ring
D:2:      layout_rooms, uniq_sigmund
D:3:      kennysheep_the_goblin_king, layout_basic, overflow_temple_1_default,
          mainiacjoe_overflow_alcove_2, kennysheep_generic_room_11,
          uniq_jessica, uniq_terence
D:4:      layout_basic, lemuel_doored_altar
D:5:      layout_loops_cross, trog_butcher_becter,
          nicolae_gozag_cash_rules_everything_around_me, lemuel_crystal_altar,
          serial_shops, nicolae_shop_behind_doors
D:6:      layout_rooms, mainiacjoe_overflow_alcove_4, gammafunk_ghost_smash,
          uniq_crazy_yiuf_cottage, uniq_menkaure
D:7:      layout_basic, mainiacjoe_overflow_paths,
          minmay_temple_entry_from_below_a, serial_bayou_pond_d
D:8:      layout_cave_pools, mainiacjoe_overflow_boulevard,
          hangedman_ru_absence, kennysheep_generic_room_6, uniq_prince_ribbit1,
          uniq_pikel

Skill      XL: |  1  2  3  4  5  6  7  8 |
---------------+-------------------------+-----
Summonings     | 5 6 7 9 10 | 10.8
Spellcasting   | 3 4 |  4.0
Hexes          | 2 3 5 |  5.0
Air Magic      | 5 4 |  5.5
Dodging        | |  2.6
Stealth        | |  2.6

Action                   |  1- 3 |  4- 6 |  7- 9 || total
-------------------------+-------+-------+-------++-------
Melee: Unarmed           |     3 |     4 |    10 ||    17
       Bite              |     1 |       |       ||     1
 Cast: Summon Small Mamm |    29 |    11 |       ||    40
       Call Imp          |    19 |    17 |     2 ||    38
       Call Canine Famil |       |    23 |    35 ||    58
       Summon Guardian G |       |     5 |    14 ||    19
       Summon Lightning  |       |       |     6 ||     6
  Use: Potion            |       |       |     1 ||     1
 Stab: Sleeping          |       |       |     2 ||     2
Armor: Skin              |     1 |     1 |       ||     2
Dodge: Dodged            |    18 |    10 |    18 ||    46

Table legend: (Time is in decaauts)
 A = Elapsed time spent in this place.
 B = Non-inter-level travel time spent in this place.
 C = Inter-level travel time spent in this place.
 D = Time resting spent in this place.
 E = Time spent auto-exploring this place.
 F = Levels seen in this place.
 G = Mean time per level.
                   A        B        C        D        E       F      G
               +--------+--------+--------+--------+--------+-----+--------+
         Total |   7799 |   6963 |    836 |   1337 |   1157 |   8 |  974.9 |
       Dungeon |   7799 |   6963 |    836 |   1337 |   1157 |   8 |  974.9 |
               +--------+--------+--------+--------+--------+-----+--------+

Top non-repeatable levels by time:
     D:7: 2023 daAuts
     D:5: 1577 daAuts
     D:1: 1061 daAuts
     D:3: 1008 daAuts
     D:4: 873 daAuts
     D:6: 603 daAuts
     D:2: 554 daAuts
     D:8: 97 daAuts
